PCL
HOUSTON HAMMERTIME @ VANCOUVER VIPERS
10/07/2025
 
TOP OF THE 1ST
Houston Hammertime batting - Pitching for Vancouver Vipers : RHP Javier Toledo
Pitching: RHP Javier Toledo
Batting: LHB Armando Torres 0-0: Called Strike
0-1: Called Strike
0-2: Ground out 6-3 (Groundball, 6M)
Batting: LHB Bartolo Villanueva 0-0: Ball
1-0: Ball
2-0: SINGLE (Groundball, 56D)
Batting: LHB Juan Cabañas 0-0: Ball
1-0: Foul Ball, location: 2F
1-1: Ball
2-1: Fly out, F9 (Flyball, 9S)
Batting: RHB Mario Beltrán 0-0: Ball
1-0: Ball
2-0: Ball
3-0: Base on Balls
Bartolo Villanueva to second
Batting: LHB Pat Jones 0-0: Ball
1-0: Foul Ball, location: 2F
1-1: Ball
2-1: Ball
3-1: Base on Balls
Bartolo Villanueva to third
Mario Beltrán to second
Batting: RHB Moo-hyun Pak 0-0: Called Strike
0-1: Ball
1-1: Ball
2-1: Ball
3-1: Foul Ball, location: 2F
3-2: Strikes out looking
Top of the 1st over - 0 run(s), 1 hit(s), 0 error(s), 3 left on base; Houston 0 - Vancouver 0
BOTTOM OF THE 1ST
Vancouver Vipers batting - Pitching for Houston Hammertime : RHP António Galindo
Pitching: RHP António Galindo
Batting: LHB Malcolm Thomas 0-0: Called Strike
0-1: Ball
1-1: Ground out 5-3 (Groundball, 56S)
Batting: LHB Katsumi Morishita 0-0: Foul Ball, location: 2F
0-1: SINGLE (Flyball, 7LS)
Batting: RHB Guillermo Sánchez 0-0: Called Strike
0-1: Ball
1-1: Foul Ball, location: 2F
1-2: Foul Ball, location: 2F
1-2: Strikes out swinging
Batting: RHB Marvin Workman 0-0: Called Strike
0-1: Swinging Strike
0-2: Ball
1-2: Ball
2-2: Ball
3-2: DOUBLE (Popup, 9LS)
Katsumi Morishita to third
Katsumi Morishita scores
Batting: RHB Sergio Pujols 0-0: Swinging Strike
0-1: Swinging Strike
0-2: Ball
1-2: 2-RUN HOME RUN (Flyball, 7LD), Distance : 367 ft
Batting: LHB Jason Lambert 0-0: Ball
1-0: Swinging Strike
1-1: Fly out, F7 (Flyball, 7S)
Bottom of the 1st over - 3 run(s), 3 hit(s), 0 error(s), 0 left on base; Houston 0 - Vancouver 3
TOP OF THE 2ND
Houston Hammertime batting - Pitching for Vancouver Vipers : RHP Javier Toledo
Batting: RHB Rafael Torres 0-0: Ball
1-0: Called Strike
1-1: Ball
2-1: Foul Ball, location: 2F
2-2: Fly out, F8 (Line Drive, 8RM)
Batting: RHB Brian Smith 0-0: Ball
1-0: Ground out 6-3 (Groundball, 6)
Batting: LHB Fernando Camacho 0-0: Ball
1-0: Foul Ball, location: 2F
1-1: Called Strike
1-2: Ground out 4-3 (Groundball, 4)
Top of the 2nd over - 0 run(s), 0 hit(s), 0 error(s), 0 left on base; Houston 0 - Vancouver 3
BOTTOM OF THE 2ND
Vancouver Vipers batting - Pitching for Houston Hammertime : RHP António Galindo
Batting: RHB Axel Guimont 0-0: Swinging Strike
0-1: Ground out 6-3 (Groundball, 6)
Batting: RHB Pedro Fuentes 0-0: Called Strike
0-1: Ball
1-1: Ball
2-1: Called Strike
2-2: Ball
3-2: Base on Balls
Batting: RHB Salvador Medine 0-0: Called Strike
0-1: Ball
Passed Ball!
Pedro Fuentes to second
1-1: Called Strike
1-2: Ball
2-2: Ground out 6-3 (Groundball, 6)
Batting: LHB Malcolm Thomas 0-0: Foul Ball, location: 2F
0-1: Swinging Strike
0-2: Strikes out swinging
Bottom of the 2nd over - 0 run(s), 0 hit(s), 0 error(s), 1 left on base; Houston 0 - Vancouver 3
TOP OF THE 3RD
Houston Hammertime batting - Pitching for Vancouver Vipers : RHP Javier Toledo
Batting: LHB Armando Torres 0-0: Ground out U3 (Groundball, 3)
Batting: LHB Bartolo Villanueva 0-0: SINGLE (Groundball, 34)
Batting: LHB Juan Cabañas 0-0: Ball
1-0: Ball
2-0: Called Strike
2-1: Ball
3-1: Foul Ball, location: 2F
3-2: Base on Balls
Bartolo Villanueva to second
Batting: RHB Mario Beltrán 0-0: Called Strike
0-1: Grounds into double play, 1-6-3 (Groundball, 15)
Top of the 3rd over - 0 run(s), 1 hit(s), 0 error(s), 1 left on base; Houston 0 - Vancouver 3
BOTTOM OF THE 3RD
Vancouver Vipers batting - Pitching for Houston Hammertime : RHP António Galindo
Batting: LHB Katsumi Morishita 0-0: Ball
1-0: Ball
2-0: Called Strike
2-1: SINGLE (Line Drive, 89M)
Batting: RHB Guillermo Sánchez 0-0: Swinging Strike
0-1: Ball
1-1: Ball
2-1: Foul Ball, location: 2F
2-2: Ball
3-2: Foul Ball, location: 2F
3-2: Ground out 5-3 (Groundball, 56)
Katsumi Morishita to second
Batting: RHB Marvin Workman 0-0: Ball
1-0: Ball
2-0: Foul Ball, location: 2F
2-1: Ball
3-1: Swinging Strike
3-2: SINGLE (Line Drive, 89S)
Katsumi Morishita to third
Runner from 3rd tries for Home, SAFE, throw made home
Batting: RHB Sergio Pujols 0-0: Ball
1-0: Called Strike
1-1: SINGLE (Groundball, 34D)
Marvin Workman to second
Throwing error, E9
Marvin Workman scores
Sergio Pujols to second
Batting: LHB Jason Lambert 0-0: Called Strike
0-1: Called Strike
Sergio Pujols is caught stealing 3rd base
0-2: Strikes out swinging
Bottom of the 3rd over - 2 run(s), 3 hit(s), 1 error(s), 0 left on base; Houston 0 - Vancouver 5
TOP OF THE 4TH
Houston Hammertime batting - Pitching for Vancouver Vipers : RHP Javier Toledo
Batting: LHB Pat Jones 0-0: Ball
1-0: Reached on error, E6 (Groundball, 6MS)
Batting: RHB Moo-hyun Pak 0-0: Foul Ball, location: 2F
0-1: Swinging Strike
0-2: Ball
1-2: Foul Ball, location: 2F
1-2: Ball
2-2: Foul Ball, location: 2F
2-2: Strikes out swinging
Batting: RHB Rafael Torres 0-0: Called Strike
0-1: Foul Ball, location: 2F
0-2: Ball
1-2: Ball
2-2: Ball
3-2: Foul Ball, location: 2F
3-2: Foul Ball, location: 2F
3-2: Foul Ball, location: 2F
3-2: Fly out, F8 (Flyball, 8RXD)
Runner from 2nd tags up, SAFE at 3rd, no throw
Batting: RHB Brian Smith 0-0: Ball
1-0: Called Strike
1-1: Ball
2-1: Fly out, F7 (Flyball, 78XD)
Top of the 4th over - 0 run(s), 0 hit(s), 1 error(s), 1 left on base; Houston 0 - Vancouver 5
BOTTOM OF THE 4TH
Vancouver Vipers batting - Pitching for Houston Hammertime : RHP António Galindo
Batting: RHB Axel Guimont 0-0: Ball
1-0: Ground out 5-3 (Groundball, 56)
Batting: RHB Pedro Fuentes 0-0: Called Strike
0-1: Swinging Strike
0-2: Ball
1-2: Ball
2-2: Foul Ball, location: 2F
2-2: Strikes out swinging
Batting: RHB Salvador Medine 0-0: Swinging Strike
0-1: Ball
1-1: Ball
2-1: Ball
3-1: SINGLE (Line Drive, 6MD)
Batting: LHB Malcolm Thomas 0-0: Foul Ball, location: 2F
0-1: Called Strike
Salvador Medine steals 2nd base
0-2: Strikes out swinging
Bottom of the 4th over - 0 run(s), 1 hit(s), 0 error(s), 1 left on base; Houston 0 - Vancouver 5
TOP OF THE 5TH
Houston Hammertime batting - Pitching for Vancouver Vipers : RHP Javier Toledo
Batting: LHB Fernando Camacho 0-0: Swinging Strike
0-1: Ball
1-1: Called Strike
1-2: Ground out U3 (Groundball, 3L)
Batting: LHB Armando Torres 0-0: Swinging Strike
0-1: Ball
1-1: SINGLE (Groundball, 4MD)
Batting: LHB Bartolo Villanueva 0-0: Called Strike
0-1: Called Strike
Armando Torres steals 2nd base
0-2: DOUBLE (Line Drive, 89M)
Armando Torres scores
Batting: LHB Juan Cabañas 0-0: Called Strike
0-1: Ball
1-1: Foul Ball, location: 2F
1-2: Foul Ball, location: 2F
1-2: Ground out 4-3 (Groundball, 4)
Bartolo Villanueva to third
Batting: RHB Mario Beltrán 0-0: Ball
1-0: Swinging Strike
1-1: Ball
2-1: Ball
3-1: Called Strike
3-2: Fly out, F9 (Flyball, 9D)
Top of the 5th over - 1 run(s), 2 hit(s), 0 error(s), 1 left on base; Houston 1 - Vancouver 5
BOTTOM OF THE 5TH
Vancouver Vipers batting - Pitching for Houston Hammertime : RHP António Galindo
Batting: LHB Katsumi Morishita 0-0: Ball
1-0: Hit by Pitch
Batting: RHB Guillermo Sánchez 0-0: Called Strike
0-1: Called Strike
0-2: Strikes out swinging
Batting: RHB Marvin Workman 0-0: Ball
1-0: 2-RUN HOME RUN (Flyball, 8RXD), Distance : 437 ft
Pitching: RHP Ramiro Rivera
Batting: RHB Sergio Pujols 0-0: Ground out 4-3 (Groundball, 34)
Batting: LHB Jason Lambert 0-0: Called Strike
0-1: Ball
1-1: Ball
2-1: Foul Ball, location: 2F
2-2: Foul Ball, location: 2F
2-2: Fly out, F6 (Line Drive, 6)
Bottom of the 5th over - 2 run(s), 1 hit(s), 0 error(s), 0 left on base; Houston 1 - Vancouver 7
TOP OF THE 6TH
Houston Hammertime batting - Pitching for Vancouver Vipers : RHP Javier Toledo
Batting: LHB Pat Jones 0-0: Called Strike
0-1: Ball
1-1: Called Strike
1-2: Strikes out swinging
Batting: RHB Moo-hyun Pak 0-0: Ball
1-0: Ball
2-0: SINGLE (Line Drive, 4M)
Batting: RHB Rafael Torres 0-0: Called Strike
0-1: Ball
1-1: Ball
2-1: Swinging Strike
2-2: Grounds into double play, U4-3 (Groundball, 4)
Top of the 6th over - 0 run(s), 1 hit(s), 0 error(s), 0 left on base; Houston 1 - Vancouver 7
BOTTOM OF THE 6TH
Vancouver Vipers batting - Pitching for Houston Hammertime : RHP Ramiro Rivera
Batting: RHB Axel Guimont 0-0: Ball
1-0: Ball
2-0: Ground out 6-3 (Groundball, 6)
Batting: RHB Pedro Fuentes 0-0: Ball
1-0: Foul Ball, location: 2F
1-1: Ball
2-1: Foul Ball, location: 2F
2-2: Strikes out swinging
Batting: RHB Salvador Medine 0-0: SOLO HOME RUN (Flyball, 78XD), Distance : 419 ft
Batting: LHB Malcolm Thomas 0-0: Called Strike
0-1: Foul Ball, location: 2F
0-2: Strikes out looking
Bottom of the 6th over - 1 run(s), 1 hit(s), 0 error(s), 0 left on base; Houston 1 - Vancouver 8
TOP OF THE 7TH
Houston Hammertime batting - Pitching for Vancouver Vipers : RHP Javier Toledo
Pitching: RHP Larry Stewart
Batting: RHB Brian Smith 0-0: Called Strike
0-1: Foul Ball, location: 2F
0-2: Ball
1-2: Ground out 6-3 (Groundball, 6M)
Batting: LHB Fernando Camacho 0-0: Ball
1-0: Called Strike
1-1: Ball
2-1: Ball
3-1: Base on Balls
Batting: LHB Armando Torres 0-0: Called Strike
0-1: Ball
1-1: Ball
2-1: SINGLE (Groundball, 4MD) (infield hit)
Fernando Camacho to second
Batting: LHB Bartolo Villanueva 0-0: Ball
1-0: Foul Ball, location: 2F
1-1: Foul Ball, location: 2F
1-2: DOUBLE (Flyball, 8RM)
Fernando Camacho scores
Armando Torres to third
Runner from 3rd tries for Home, SAFE, no throw or cutoff
Batting: LHB Juan Cabañas 0-0: Ball
1-0: SINGLE (Line Drive, 4D)
Bartolo Villanueva to third
Batting: RHB Mario Beltrán 0-0: Hit by Pitch
Juan Cabañas to second
Batting: LHB Pat Jones 0-0: Fly out, F5 (Popup, 5F)
Batting: RHB Moo-hyun Pak 0-0: Called Strike
Balk!
Bartolo Villanueva scores
Juan Cabañas to third
Mario Beltrán to second
0-1: Ball
1-1: Ball
2-1: Called Strike
2-2: Ball
3-2: Base on Balls
Batting: RHB Rafael Torres 0-0: Called Strike
0-1: Called Strike
0-2: Ball
1-2: Fly out, F7 (Line Drive, 78D)
Top of the 7th over - 3 run(s), 3 hit(s), 0 error(s), 3 left on base; Houston 4 - Vancouver 8
BOTTOM OF THE 7TH
Vancouver Vipers batting - Pitching for Houston Hammertime : RHP Ramiro Rivera
Batting: LHB Katsumi Morishita 0-0: DOUBLE (Line Drive, 9LS)
Batting: RHB Guillermo Sánchez 0-0: Called Strike
0-1: Ball
1-1: Foul Ball, location: 2F
1-2: Ball
2-2: SINGLE (Line Drive, 8LS)
Katsumi Morishita to third
Batting: RHB Marvin Workman 0-0: SINGLE (Line Drive, 4M)
Katsumi Morishita scores
Guillermo Sánchez to second
Batting: RHB Sergio Pujols 0-0: Ball
Wild Pitch!
Guillermo Sánchez to third
Marvin Workman to second
1-0: Called Strike
1-1: Called Strike
1-2: Ball
2-2: Ball
3-2: Foul Ball, location: 2F
3-2: 3-RUN HOME RUN (Flyball, 8LXD), Distance : 430 ft
Pitching: RHP Daniel Félix
Batting: LHB Jason Lambert 0-0: Ball
1-0: Foul Ball, location: 2F
1-1: Foul Ball, location: 2F
1-2: Ball
2-2: Reached on error, E4 (Groundball, 4)
Batting: RHB Axel Guimont 0-0: Bunted foul
0-1: Bunt missed!
0-2: Foul Ball, location: 2F
0-2: Fly out, F3 (Popup, 3SF)
Batting: RHB Pedro Fuentes 0-0: Ball
1-0: Ball
2-0: Ball
3-0: Called Strike
3-1: Fly out, F9 (Flyball, 89S)
Batting: RHB Salvador Medine 0-0: Ground out 4-3 (Groundball, 13)
Bottom of the 7th over - 4 run(s), 4 hit(s), 1 error(s), 1 left on base; Houston 4 - Vancouver 12
TOP OF THE 8TH
Houston Hammertime batting - Pitching for Vancouver Vipers : RHP Larry Stewart
Now in LF: Steve Bender
Batting: RHB Brian Smith 0-0: SINGLE (Groundball, 56)
Batting: LHB Fernando Camacho 0-0: Called Strike
0-1: Ball
1-1: Called Strike
1-2: Grounds into double play, 6-4-3 (Groundball, 6)
Batting: LHB Armando Torres 0-0: Ball
1-0: Ground out 4-3 (Groundball, 4)
Top of the 8th over - 0 run(s), 1 hit(s), 0 error(s), 0 left on base; Houston 4 - Vancouver 12
BOTTOM OF THE 8TH
Vancouver Vipers batting - Pitching for Houston Hammertime : RHP Daniel Félix
Batting: LHB Malcolm Thomas 0-0: Ball
1-0: Called Strike
1-1: Fly out, F7 (Flyball, 7D)
Batting: LHB Katsumi Morishita 0-0: Called Strike
0-1: SOLO HOME RUN (Flyball, 89XD), Distance : 429 ft
Batting: RHB Guillermo Sánchez 0-0: Ball
1-0: Called Strike
1-1: Ball
2-1: Foul Ball, location: 2F
2-2: Ball
3-2: Strikes out swinging
Batting: RHB Marvin Workman 0-0: Foul Ball, location: 2F
0-1: Ball
1-1: Called Strike
1-2: Ground out 6-3 (Groundball, 56)
Bottom of the 8th over - 1 run(s), 1 hit(s), 0 error(s), 0 left on base; Houston 4 - Vancouver 13
TOP OF THE 9TH
Houston Hammertime batting - Pitching for Vancouver Vipers : RHP Larry Stewart
Now at 3B: Luis Sáenz
Batting: LHB Bartolo Villanueva 0-0: SINGLE (Groundball, 56D)
Batting: LHB Juan Cabañas 0-0: Ball
1-0: Called Strike
1-1: Foul Ball, location: 2F
1-2: Ball
2-2: Foul Ball, location: 2F
2-2: Ground out 4-3 (Groundball, 4M)
Bartolo Villanueva to second
Batting: RHB Mario Beltrán 0-0: Swinging Strike
0-1: Ball
1-1: DOUBLE (Line Drive, 9LS)
Bartolo Villanueva scores
Batting: LHB Pat Jones 0-0: Called Strike
0-1: Ground out 6-3 (Groundball, 6M)
Mario Beltrán to third
Batting: RHB Moo-hyun Pak 0-0: Called Strike
0-1: Foul Ball, location: 2F
0-2: Ground out 5-3 (Groundball, 56S)
Top of the 9th over - 1 run(s), 2 hit(s), 0 error(s), 1 left on base; Houston 5 - Vancouver 13
This league is powered by Out of the Park Baseball, the baseball management simulation game for PC, Mac and Linux
Tuesday, August 2nd, 2016 - OOTP Baseball 16.8 Build 38